[Event "Team 45 45 League T27"]
[Site "Internet Chess Club"]
[Date "2005.07.16"]
[Round "5"]
[White "Ser-Enigma"]
[Black "Egmont"]
[Result "1-0"]
[WhiteElo "2045"]
[BlackElo "1785"]
[TimeControl "2700+45"]

1. d4 d5 2. c4 c6 3. Nc3 e6 4. Nf3 Nf6 5. Bg5 Nbd7 6. e3 Bd6 7. Bd3 O-O 8. a4
Re8 9. O-O dxc4 10. Bxc4 e5 11. Ne4 exd4 12. Nxd6 Rf8 13. Nxd4 Ne5 14. Bxf6 Qxd6
15. Bxe5 Qxe5 16. Qb3 b5 17. axb5 cxb5 18. Qxb5 {Black resigns} 1-0

[Event "Team 45 45 League T27"]
[Site "Internet Chess Club"]
[Date "2005.07.19"]
[Round "5"]
[White "NFK"]
[Black "JaiHanuman"]
[Result "0-1"]
[WhiteElo "1711"]
[BlackElo "1957"]
[TimeControl "2700+45"]

1. e4 e6 2. d4 d5 3. Nc3 Bb4 4. a3 Bxc3+ 5. bxc3 dxe4 6. Qg4 Nf6 7. Qxg7 Rg8 8.
Qh6 Rg6 9. Qd2 b6 10. Bb2 Bb7 11. O-O-O Qe7 12. f3 Nbd7 13. c4 O-O-O 14. Qb4 c5
15. dxc5 Nxc5 16. Bd4 Nfd7 17. fxe4 Qg5+ 18. Qd2 Qxd2+ 19. Rxd2 Nxe4 20. Re2 e5
21. Bb2 Rh6 22. Nh3 f6 23. Rg1 Rg8 24. g3 Ng5 25. Nxg5 Rxg5 26. Kb1 Rg4 27. Rf2
Ba6 28. Bc1 Rhg6 29. c5 Bxf1 30. Rgxf1 bxc5 31. Rd1 Rd4 32. Rdf1 Kc7 33. Ka2 Kd6
34. Bb2 Re4 35. Rd1+ Kc6 36. Rfd2 Rg7 37. Rd6+ Kc7 38. Bc3 Rf7 39. Ba5+ Nb6 40.
R6d5 Kc6 41. Rd6+ Kc7 42. R6d5 c4 43. Rc5+ Kb7 44. Rb1 Rc7 45. Rd5 Rd4 46. Rxd4
exd4 47. Rd1 Rd7 48. Re1 d3 49. cxd3 cxd3 50. Rd1 Kc6 51. Kb1 Kc5 52. Bb4+ Kc4
53. Rc1+ Kd4 54. Bc3+ Ke3 55. Re1+ Kf2 56. Kc1 Nc4 57. Kd1 Rb7 58. Bd4+ Kg2
{White resigns} 0-1

[Event "Team 45 45 League T27"]
[Site "Internet Chess Club"]
[Date "2005.07.17"]
[Round "5"]
[White "donking"]
[Black "chinta"]
[Result "0-1"]
[WhiteElo "1815"]
[BlackElo "1640"]
[TimeControl "2700+45"]

1. c4 e6 2. Nc3 Nf6 3. g3 Bc5 4. Bg2 Nc6 5. e3 d5 6. d4 Be7 7. c5 a6 8. a3 b6 9.
b4 bxc5 10. bxc5 Rb8 11. Nf3 O-O 12. Qa4 Na7 13. Ne5 Nd7 14. f4 Nxe5 15. fxe5
Bd7 16. Qc2 Nb5 17. O-O Nxc3 18. Qxc3 Bb5 19. Kh1 f6 20. Rf2 fxe5 21. Qc2 Rxf2
22. Qxf2 e4 23. Bh3 Qd7 24. Bd2 Rf8 25. Qe1 Bg5 26. Bb4 Rf3 27. Bd2 Qf7 28. Kg1
Qg6 29. Rb1 Qh6 30. Bg2 Bxe3+ 31. Bxe3 Qxe3+ 32. Qxe3 Rxe3 33. a4 Bd3 34. Rb7
Re1+ 35. Kf2 Re2+ 36. Kg1 e3 37. Bh3 Re1+ 38. Kg2 Bf1+ 39. Kf3 Bxh3 40. Rxc7
Bg4+ 41. Kxg4 Rf1 42. c6 e2 43. Rc8+ Kf7 44. c7 Rc1 45. Rb8 e1=Q 46. Rb7 Kg6
{White resigns} 0-1

[Event "Team 45 45 League T27"]
[Site "Internet Chess Club"]
[Date "2005.07.24"]
[Round "5"]
[White "gracey"]
[Black "DavidBarnsley"]
[Result "1-0"]
[WhiteElo "2064"]
[BlackElo "2016"]
[TimeControl "2700+45"]

1. b4 e5 2. Bb2 d6 3. Nc3 f5 4. e4 Nf6 5. Qf3 Nc6 6. Bb5 fxe4 7. Nxe4 Bd7 8. Bc4
Nxe4 9. Qxe4 Nxb4 10. Bb3 a5 11. Qf3 Qf6 12. Qxb7 Bc6 13. Ba4 Bxa4 14. Qxa8+ Kd7
15. Qxa5 Nxc2+ 16. Kf1 Qf4 17. Ne2 Qc4 18. d3 Qc6 19. Rb1 d5 20. Nc3 Ne3+ 21.
fxe3 Bc2 22. Rc1 Bxd3+ 23. Kg1 Bc5 24. Nxd5 Rf8 25. h3 Bb5 26. a4 {Black
resigns} 1-0

[Event "Team 45 45 League T27"]
[Site "Internet Chess Club"]
[Date "2005.07.24"]
[Round "5"]
[White "room-matt"]
[Black "A-Ru"]
[Result "0-1"]
[WhiteElo "1808"]
[BlackElo "1889"]
[TimeControl "2700+45"]

1. e4 e6 2. d4 d5 3. exd5 exd5 4. Nf3 Bd6 5. Bd3 Bg4 6. O-O Ne7 7. h3 Bh5 8. Re1
Nc6 9. g4 Bg6 10. c3 Qd7 11. b4 h5 12. Bxg6 fxg6 13. Ng5 Rf8 14. Ne6 Rf6 15. Nc5
Bxc5 16. bxc5 O-O-O 17. g5 Rf7 18. Qd3 Rdf8 19. f4 Nd8 20. Qg3 Ne6 21. Rf1 c6
22. h4 Qc7 23. Qh3 Rf5 24. Na3 Kd8 25. Nc2 Nxf4 26. Bxf4 Rxf4 27. Ne3 Rxf1+ 28.
Rxf1 Rxf1+ 29. Nxf1 Nf5 30. Ne3 Qg3+ 31. Qxg3 Nxg3 32. Kg2 Nf5 33. Nxf5 gxf5 34.
Kf3 g6 35. Kf4 Kc7 36. Ke5 b6 37. a4 bxc5 38. dxc5 Kb7 39. Kf4 Ka6 40. Ke5 Ka5
41. Kd6 f4 {White resigns} 0-1

[Event "Team 45 45 League T27"]
[Site "Internet Chess Club"]
[Date "2005.07.15"]
[Round "5"]
[White "nightly"]
[Black "rph"]
[Result "1-0"]
[WhiteElo "1880"]
[BlackElo "1839"]
[TimeControl "2700+45"]

1. d4 Nf6 2. Bg5 c6 3. Bxf6 gxf6 4. c3 d5 5. Nd2 Bf5 6. g3 Qb6 7. Qb3 Nd7 8. Bg2
O-O-O 9. Ngf3 e5 10. e3 Bd6 11. c4 dxc4 12. Nxc4 Qb4+ 13. Qc3 Qxc3+ 14. bxc3 Bc7
15. a4 Be6 16. Ncd2 Ba5 17. Ra3 h6 18. O-O Rhe8 19. Rc1 exd4 20. cxd4 Nb6 21.
Ne4 Nd5 22. Nc5 b6 23. Nxe6 Rxe6 24. Bh3 Kb7 25. Bxe6 fxe6 26. Rb3 a6 27. Kf1 b5
28. Ke2 b4 29. Nd2 f5 30. Nc4 Bc7 31. a5 Rb8 32. f3 Kc8 33. Kd3 Rb5 34. Rc2 Kd7
35. Rcb2 Bxa5 36. Nxa5 Rxa5 37. e4 Nf6 38. Rxb4 fxe4+ 39. fxe4 Ra3+ 40. R4b3
{Black resigns} 1-0

[Event "Team 45 45 League T27"]
[Site "Internet Chess Club"]
[Date "2005.07.18"]
[Round "5"]
[White "Knight77"]
[Black "andy4226uk"]
[Result "1-0"]
[WhiteElo "1810"]
[BlackElo "1870"]
[TimeControl "2700+45"]

1. Nf3 c5 2. g3 g6 3. Bg2 Bg7 4. O-O e6 5. d3 d5 6. Nbd2 Nc6 7. e4 Nge7 8. Re1
O-O 9. h4 f5 10. Nf1 e5 11. c3 f4 12. exd5 Nxd5 13. Ng5 fxg3 14. Nxg3 Nf4 15.
Qb3+ Be6 16. Nxe6 {Black resigns} 1-0

[Event "Team 45 45 League T27"]
[Site "Internet Chess Club"]
[Date "2005.07.17"]
[Round "5"]
[White "TheBrewer"]
[Black "CraigCKlein"]
[Result "0-1"]
[WhiteElo "1564"]
[BlackElo "1806"]
[TimeControl "2700+45"]

1. d4 Nf6 2. Nf3 e6 3. e3 c5 4. c3 b6 5. Bd3 Bb7 6. Nbd2 d6 7. Qe2 Nbd7 8. e4 e5
9. d5 Be7 10. O-O O-O 11. c4 Ne8 12. Re1 g6 13. Nf1 Bf6 14. Bh6 Bg7 15. Bxg7
Nxg7 16. Ng3 f5 17. Rac1 f4 18. Nf1 g5 19. N3d2 Qf6 20. f3 Rf7 21. h3 Nf8 22.
Nh2 h5 23. Rf1 Ng6 24. Rf2 Raf8 25. Rcf1 Kh8 26. Bc2 Ne7 27. Bd3 Ng8 28. Bc2 Nh6
29. Bd3 Bc8 30. Bc2 Qg6 31. Bd3 Ne8 32. Kh1 Nf6 33. Rg1 g4 34. fxg4 hxg4 35.
hxg4 Nhxg4 36. g3 Nxf2+ 37. Qxf2 Ng4 38. Ndf3 Nxf2+ {White resigns} 0-1

[Event "Team 45 45 League T27"]
[Site "Internet Chess Club"]
[Date "2005.07.15"]
[Round "5"]
[White "dougmo"]
[Black "wojozim"]
[Result "0-1"]
[WhiteElo "1520"]
[BlackElo "1499"]
[TimeControl "2700+45"]

1. e4 c5 2. c3 d5 3. exd5 Qxd5 4. d4 Nc6 5. Nf3 Nf6 6. c4 Qe4+ 7. Be2 cxd4 8.
O-O e5 9. Re1 Bb4 10. Bd3 Qg4 11. Nbd2 O-O 12. a3 Bxd2 13. Nxd2 Qxd1 14. Rxd1
Be6 15. Re1 Nd7 16. b4 Rac8 17. Ne4 f6 18. Nd6 Rb8 19. Bd2 a6 20. a4 Rfd8 21. c5
b6 22. Bxa6 bxc5 23. Nb7 Rf8 24. bxc5 Bd5 25. Rab1 Nd8 26. Nxd8 Rfxd8 27. Ba5
Rxb1 28. Rxb1 Ra8 29. Bb5 Rxa5 30. Bxd7 Rxc5 31. f3 Rc2 32. Ra1 d3 33. Bf5 e4
34. fxe4 d2 35. Rd1 Rc1 36. Bg4 Bb3 37. Be6+ Bxe6 {White resigns} 0-1

[Event "Team 45 45 League T27"]
[Site "Internet Chess Club"]
[Date "2005.07.17"]
[Round "5"]
[White "fernbap"]
[Black "adingod"]
[Result "0-1"]
[WhiteElo "1776"]
[BlackElo "1916"]
[TimeControl "2700+45"]

1. Nf3 Nf6 2. c4 g6 3. Nc3 d5 4. cxd5 Nxd5 5. g3 Bg7 6. Bg2 O-O 7. O-O Nc6 8. d4
Bf5 9. Qb3 Nb6 10. e4 Bg4 11. d5 Bxf3 12. Bxf3 Nd4 13. Qd1 Nxf3+ 14. Qxf3 Qd7
15. Rd1 Nc4 16. Rb1 e5 17. b3 Nd6 18. Qd3 f5 19. f4 Rae8 20. fxe5 Rxe5 21. Bf4
fxe4 22. Nxe4 Rxf4 23. Nxd6 Rf8 24. Nc4 Rh5 25. Rd2 Bh6 26. Rdd1 Qh3 27. Rb2
Rhf5 28. Rg2 Rf3 29. Qe4 b5 30. Qe6+ Qxe6 31. dxe6 bxc4 32. bxc4 Be3+ {White
resigns} 0-1

[Event "Team 45 45 League T27"]
[Site "Internet Chess Club"]
[Date "2005.07.17"]
[Round "5"]
[White "dondel"]
[Black "allanchs"]
[Result "0-1"]
[WhiteElo "1647"]
[BlackElo "1589"]
[TimeControl "2700+45"]

1. e4 e5 2. Bc4 Nf6 3. Nc3 Nc6 4. d3 Bc5 5. h3 d6 6. Bd2 Be6 7. Bxe6 fxe6 8. Bg5
O-O 9. Nf3 Qd7 10. Qe2 a6 11. a3 Nd4 12. Nxd4 Bxd4 13. O-O Qf7 14. Be3 Qg6 15.
Bxd4 exd4 16. Nd1 e5 17. c3 dxc3 18. bxc3 Nh5 19. g3 Rf7 20. Ne3 Raf8 21. Nf5
Nf4 22. Qg4 Nxd3 23. Qxg6 hxg6 24. Rad1 gxf5 25. Rxd3 fxe4 26. Re3 d5 27. Kg2
Rf3 28. g4 Rxe3 29. fxe3 Rxf1 30. Kxf1 Kf7 31. Ke2 Kg6 32. Kf2 c5 33. Kg3 d4 34.
exd4 exd4 35. cxd4 cxd4 36. Kf2 d3 37. Ke1 e3 {White resigns} 0-1

[Event "Team 45 45 League T27"]
[Site "Internet Chess Club"]
[Date "2005.07.16"]
[Round "5"]
[White "megamaster"]
[Black "trikmamak"]
[Result "1-0"]
[WhiteElo "2264"]
[BlackElo "2207"]
[TimeControl "2700+45"]

1. e4 c5 2. Nf3 Nc6 3. d4 cxd4 4. Nxd4 Nf6 5. Nc3 e5 6. Ndb5 d6 7. Nd5 Nxd5 8.
exd5 Ne7 9. Nc3 a6 10. Bd3 f5 11. O-O g6 12. Bg5 Bg7 13. Re1 b5 14. a4 b4 15.
Na2 Rb8 16. Qd2 Qa5 17. c3 bxc3 18. Nxc3 Bb7 19. Rab1 h6 20. Bxe7 Kxe7 21. b4
Qb6 22. b5 a5 23. Bc2 Rbc8 24. Bb3 Kf7 25. Rec1 Bf6 26. Nd1 Bg5 27. Rc6 Bxc6 28.
dxc6+ Kg7 29. Qxd6 Qd4 30. Qxd4 exd4 31. Nb2 Bd2 32. Be6 Rce8 33. Bd7 Re7 34.
Nd3 Kf6 35. Kf1 Rxd7 36. cxd7 Ke7 37. Ne5 Rg8 38. Rd1 Bc3 39. b6 Kd6 40. d8=Q+
Rxd8 41. Nf7+ Kd7 42. Nxd8 Kxd8 43. Rb1 Kc8 44. Ke2 Bb4 45. Kd3 Bc3 46. b7+ Kb8
47. Rb6 g5 48. Rxh6 Kxb7 49. Rh5 Kb6 50. Rxg5 Kc5 51. Rxf5+ Kb4 52. h4 {Black
resigns} 1-0

[Event "Team 45 45 League T27"]
[Site "Internet Chess Club"]
[Date "2005.07.16"]
[Round "5"]
[White "trevor21"]
[Black "softbunney"]
[Result "1-0"]
[WhiteElo "2138"]
[BlackElo "2052"]
[TimeControl "2700+45"]

1. d4 d5 2. c4 c6 3. Nf3 e6 4. e3 Nf6 5. Nc3 Nbd7 6. Be2 Bd6 7. O-O O-O 8. b3
Ne4 9. Bb2 Nxc3 10. Bxc3 Nf6 11. Ne5 Ne4 12. Bb2 f6 13. Nd3 Bd7 14. f3 Ng5 15.
a3 Be8 16. c5 Bc7 17. b4 Bg6 18. a4 Qe7 19. f4 Bxd3 20. Bxd3 Ne4 21. Bxe4 dxe4
22. Qb3 f5 23. b5 Rfb8 24. a5 a6 25. b6 Bd8 26. Kh1 Qd7 27. Rg1 h5 28. h3 Qd5
29. Qd1 g6 30. g4 hxg4 31. hxg4 Kf7 32. Kg2 Bf6 33. Rh1 Rh8 34. Qe2 Rxh1 35.
Rxh1 Rh8 36. Rxh8 Bxh8 37. Bc3 fxg4 38. Qxg4 Bf6 39. Be1 Qa2+ 40. Kf1 Qb1 41.
Qh3 Qd3+ 42. Kg2 Qe2+ 43. Bf2 Bg7 44. Qg3 Bf6 45. f5 Qf3+ 46. Qxf3 exf3+ 47.
Kxf3 gxf5 48. Kf4 Bg7 49. e4 Bh6+ 50. Ke5 Ke7 51. exf5 exf5 52. Kxf5 Bd2 53. d5
Kd7 54. Ke5 Bxa5 55. d6 Bd2 56. Bd4 Be1 57. Bb2 Bf2 58. Bd4 Bg3+ 59. Ke4 Ke6 60.
Be3 a5 61. Kd4 Be5+ 62. Kc4 Bf6 63. Bd2 a4 64. Bc1 Kd7 65. Kb4 Bd4 66. Ba3 Bf2
67. Kxa4 Be3 68. Kb3 Bf2 69. Kc4 Be3 70. Kd3 Bf2 71. Kc4 Be3 72. Bb2 Bf2 73. Bd4
Be1 74. Be3 Bg3 75. Kd3 Be1 76. Bd4 Bg3 77. Ke2 Bf4 78. Kf3 Bh2 79. Kg4 Ke6 80.
Kg5 Kd7 81. Kf5 Bg3 82. Be3 Bh2 83. Bf2 Bxd6 84. cxd6 Kxd6 85. Ke4 c5 86. Bg3+
Kc6 87. Bc7 Kb5 88. Bd8 Kc6 89. Kd3 Kb5 90. Kc3 c4 91. Kd4 Kb4 92. Kd5 Kb5 93.
Kd6 c3 94. Kc7 c2 95. Bg5 Ka6 96. Bc1 {Black resigns} 1-0

[Event "Team 45 45 League T27"]
[Site "Internet Chess Club"]
[Date "2005.07.15"]
[Round "5"]
[White "shyguy"]
[Black "orkid"]
[Result "1-0"]
[WhiteElo "1976"]
[BlackElo "1807"]
[TimeControl "2700+45"]

1. e4 c5 2. Nf3 Nc6 3. d4 cxd4 4. Nxd4 g6 5. Nc3 Bg7 6. Be3 Nf6 7. Nxc6 dxc6 8.
Qxd8+ Kxd8 9. O-O-O+ Kc7 10. Bf4+ Kb6 11. Na4+ Ka5 12. Rd4 b5 13. Bc7+ {Black
resigns} 1-0

[Event "Team 45 45 League T27"]
[Site "Internet Chess Club"]
[Date "2005.07.17"]
[Round "5"]
[White "forquesato"]
[Black "CraigCKlein"]
[Result "1-0"]
[WhiteElo "1805"]
[BlackElo "1789"]
[TimeControl "2700+45"]

1. d4 Nf6 2. Bg5 Ne4 3. Bf4 c5 4. f3 Nf6 5. dxc5 Qa5+ 6. Nc3 Qxc5 7. e4 g5 8.
Bg3 Bg7 9. Qd2 a6 10. Nge2 h6 11. h4 b5 12. hxg5 hxg5 13. Rxh8+ Bxh8 14. O-O-O
d6 15. e5 Nh5 16. Qxg5 Nxg3 17. Qg8+ Kd7 18. Qxh8 Nxe2+ 19. Bxe2 Nc6 20. exd6
exd6 21. Kb1 {Black resigns} 1-0

[Event "Team 45 45 League T27"]
[Site "Internet Chess Club"]
[Date "2005.07.16"]
[Round "5"]
[White "Plattner"]
[Black "TheTankDriver"]
[Result "0-1"]
[WhiteElo "1931"]
[BlackElo "2356"]
[TimeControl "2700+45"]

1. d4 e6 2. c4 d5 3. Nc3 Be7 4. Nf3 Nf6 5. Bg5 O-O 6. e3 b6 7. cxd5 exd5 8. Bd3
Bb7 9. O-O Nbd7 10. Re1 Ne4 11. Bxe7 Qxe7 12. Nd2 f5 13. f3 Nxc3 14. bxc3 Rae8
15. Qc2 Qg5 16. e4 dxe4 17. fxe4 Nf6 18. Nf3 Qg4 19. Ne5 Rxe5 20. dxe5 Nxe4 21.
Bxe4 Bxe4 22. Qe2 Qg6 23. Qc4+ Kh8 24. Re2 c6 25. Rf1 Re8 26. Qd4 h5 27. Rff2 c5
28. Qd6 Re6 29. Qb8+ Kh7 30. Rd2 Qg5 31. Qd8 Qe3 32. h4 Rg6 33. Kf1 Qxc3 34. e6
Qc4+ 35. Kg1 Qxe6 36. Rde2 Qc6 37. Qd2 c4 38. Re3 f4 {White forfeits on time}
0-1

[Event "Team 45 45 League T27"]
[Site "Internet Chess Club"]
[Date "2005.07.15"]
[Round "5"]
[White "PublisherKing"]
[Black "fileman"]
[Result "1/2-1/2"]
[WhiteElo "1907"]
[BlackElo "1877"]
[TimeControl "2700+45"]

1. e4 Nc6 2. Nf3 d6 3. d4 Nf6 4. d5 Nb8 5. Bd3 e5 6. Bg5 Be7 7. Nbd2 Bg4 8. h3
Bh5 9. g4 Bg6 10. Bb5+ Nbd7 11. Qe2 a6 12. Bxd7+ Qxd7 13. O-O-O Qa4 14. Bxf6
Bxf6 15. Kb1 Be7 16. h4 f6 17. g5 f5 18. h5 fxe4 19. hxg6 exf3 20. Qxf3 O-O-O
21. Rxh7 Kb8 22. Rdh1 Rhg8 23. Ne4 Rdf8 24. Qg2 Qd4 25. Nc3 Rxf2 26. Qe4 Qxe4
27. Nxe4 Rf4 28. Ng3 Bxg5 29. Nh5 Rg4 30. Rxg7 Rxg7 31. Nxg7 Bf6 32. Nh5 Rxg6
33. Nxf6 Rxf6 34. Kc1 Rf4 35. c3 Ka7 36. Rh7 Kb6 37. Kc2 c6 38. dxc6 bxc6 39.
Rd7 d5 40. Kd3 a5 41. b3 Rf3+ 42. Kc2 Rf2+ 43. Kb1 e4 44. a4 Kc5 45. Ra7 d4 46.
Rxa5+ Kb6 47. Re5 e3 48. cxd4 e2 49. Kc1 Rf1+ {Game drawn by mutual agreement}
1/2-1/2

[Event "Team 45 45 League T27"]
[Site "Internet Chess Club"]
[Date "2005.07.20"]
[Round "5"]
[White "BillyNoMates"]
[Black "martineden"]
[Result "1-0"]
[WhiteElo "1846"]
[BlackElo "1802"]
[TimeControl "2700+45"]

1. e4 e5 2. Nf3 Nc6 3. Bb5 a6 4. Ba4 d6 5. d4 b5 6. Bb3 Nxd4 7. Nxd4 exd4 8.
Qxd4 c5 9. Qd5 Be6 10. Qc6+ Bd7 11. Qd5 c4 12. Bxc4 bxc4 13. O-O Qc7 14. Qxa8+
{Black resigns} 1-0

[Event "Team 45 45 League T27"]
[Site "Internet Chess Club"]
[Date "2005.07.16"]
[Round "5"]
[White "crapalot"]
[Black "Justchess"]
[Result "1-0"]
[WhiteElo "1760"]
[BlackElo "1676"]
[TimeControl "2700+45"]

1. d4 Nf6 2. Nf3 g6 3. c3 Bg7 4. Bg5 Ne4 5. Nbd2 Nxg5 6. Nxg5 e5 7. Ngf3 exd4 8.
cxd4 d6 9. Qb3 O-O 10. e3 c6 11. Qc2 a5 12. Bd3 Na6 13. a3 Qb6 14. h4 Be6 15. h5
c5 16. hxg6 fxg6 17. Ng5 d5 18. Bxg6 hxg6 19. Qxg6 Rf6 20. Rh8+ {Black resigns}
1-0

[Event "Team 45 45 League T27"]
[Site "Internet Chess Club"]
[Date "2005.07.19"]
[Round "5"]
[White "MrShaw"]
[Black "dougmo"]
[Result "1/2-1/2"]
[WhiteElo "1648"]
[BlackElo "1526"]
[TimeControl "2700+45"]

1. e4 e6 2. d4 d5 3. e5 c5 4. Nf3 Nc6 5. c3 Qb6 6. Bd3 Bd7 7. Bc2 cxd4 8. cxd4
Bb4+ 9. Nc3 Nge7 10. a3 Bxc3+ 11. bxc3 Rc8 12. O-O Na5 13. Rb1 Qd8 14. Qd3 Rc7
15. Nh4 Qc8 16. Bd2 Nc4 17. Rfc1 Nxa3 18. Ra1 Nxc2 19. Rxc2 a6 20. Qg3 Ng6 21.
Nf3 h6 22. Ne1 Qd8 23. Nf3 Bb5 24. h4 Rg8 25. h5 Ne7 26. Nh4 g5 27. Nf3 Nf5 28.
Qg4 Bd3 29. Rcc1 Be2 30. Re1 Bxf3 31. Qxf3 g4 32. Qf4 Qh4 33. Qh2 Qxh2+ 34. Kxh2
g3+ 35. fxg3 Nxg3 36. Re3 Ne4 37. Be1 Kd7 38. Rb1 Kc8 39. Rb6 Rc6 40. Rxc6+ bxc6
41. Kh3 c5 42. Re2 Kb7 43. Rb2+ Ka7 44. dxc5 Nxc5 45. Bf2 Rc8 46. Bd4 Ka8 47.
Rf2 Ne4 48. Ra2 {Game drawn by mutual agreement} 1/2-1/2

[Event "Team 45 45 League T27"]
[Site "Internet Chess Club"]
[Date "2005.07.17"]
[Round "5"]
[White "sdcohle"]
[Black "chessterbaggins"]
[Result "1-0"]
[WhiteElo "1308"]
[BlackElo "1338"]
[TimeControl "2700+45"]

1. d4 e6 2. c4 Nf6 3. Nf3 Nc6 4. Nc3 Bb4 5. Bd2 d5 6. e3 Ne4 7. Be2 Nxd2 8. Qxd2
dxc4 9. Bxc4 Bd6 10. O-O e5 11. dxe5 Bg4 12. exd6 Bxf3 13. gxf3 O-O 14. Ne4 Ne5
15. Be2 cxd6 16. Qxd6 Nd7 17. Rad1 f5 18. Ng3 Rf7 19. Bc4 Qe7 20. Qxe7 Nf6 21.
Qxf7+ Kh8 22. Nxf5 Rg8 23. Rd6 h6 24. Rxf6 gxf6+ 25. Qxg8# {Black checkmated}
1-0

[Event "Team 45 45 League T27"]
[Site "Internet Chess Club"]
[Date "2005.07.18"]
[Round "5"]
[White "john-beebs"]
[Black "flodo"]
[Result "0-1"]
[WhiteElo "1524"]
[BlackElo "1656"]
[TimeControl "2700+45"]

1. e4 e5 2. Nf3 Nc6 3. Nc3 d6 4. Bb5 Bd7 5. O-O a6 6. Bc4 Be7 7. d4 exd4 8. Nxd4
Nf6 9. Re1 O-O 10. Nf5 Ne5 11. Bb3 Be6 12. Nd5 Nxd5 13. Bxd5 c6 14. Nxe7+ Qxe7
15. Bxe6 fxe6 16. Be3 Rad8 17. Qd2 Qf7 18. Qe2 Qg6 19. Bb6 Nf3+ 20. Kh1 Nxe1 21.
Bxd8 Qxg2# {White checkmated} 0-1

[Event "Team 45 45 League T27"]
[Site "Internet Chess Club"]
[Date "2005.07.15"]
[Round "5"]
[White "chivo"]
[Black "DynamoKyiv"]
[Result "1-0"]
[WhiteElo "1779"]
[BlackElo "1566"]
[TimeControl "2700+45"]

1. e4 e5 2. Nf3 Nc6 3. Bb5 a6 4. Ba4 Nf6 5. O-O b5 6. Bb3 Bb7 7. d3 Bc5 8. Bg5
h6 9. Bh4 g5 10. Bg3 Qe7 11. Nbd2 O-O-O 12. a4 Nh5 13. axb5 axb5 14. Bxe5 Nxe5
15. Nxe5 Qxe5 16. Qxh5 f5 17. exf5 Qxf5 18. Ne4 Bxe4 19. dxe4 Qxe4 20. Kh1 Rdf8
21. f3 Qc6 22. Rfd1 Rf5 23. c4 Bd6 24. cxb5 Qb7 25. Qg6 Rxb5 26. Bc4 Rc5 27. Ba6
{Black resigns} 1-0

[Event "Team 45 45 League T27"]
[Site "Internet Chess Club"]
[Date "2005.07.14"]
[Round "5"]
[White "Gardener"]
[Black "David-Carioca"]
[Result "1-0"]
[WhiteElo "1649"]
[BlackElo "1516"]
[TimeControl "2700+45"]

1. e4 e6 2. d4 d5 3. Nc3 dxe4 4. Nxe4 Nd7 5. Nf3 Ngf6 6. Nxf6+ Nxf6 7. Bd3 c5 8.
dxc5 Bxc5 9. O-O Qb6 10. Ne5 O-O 11. Bg5 Be7 12. Ng4 Nd5 13. Bxe7 Nxe7 14. Qe2
Ng6 15. Bxg6 hxg6 16. b3 e5 17. Rfe1 Bxg4 18. Qxg4 Qc5 19. c4 Rad8 20. Re3 Rd4
21. Qe2 Rfd8 22. g3 Rd2 23. Rxe5 Qd4 24. Qe1 Kh7 25. Re4 Qf6 26. Rf4 Qxa1 27.
Qxa1 Rd1+ 28. Qxd1 Rxd1+ 29. Kg2 f6 30. Re4 Rd7 31. Kf3 Kg8 32. Ke3 Kf7 33. Rd4
Re7+ 34. Kd3 g5 35. g4 Ke8 36. Re4 b6 37. Rxe7+ Kxe7 38. Ke4 Ke6 39. b4 Kd6 40.
Kf5 a6 41. Kg6 Ke5 42. Kxg7 Kf4 43. Kxf6 Kxg4 44. c5 {Black resigns} 1-0

[Event "Team 45 45 League T27"]
[Site "Internet Chess Club"]
[Date "2005.07.16"]
[Round "5"]
[White "nanning"]
[Black "SpeedBlade"]
[Result "1-0"]
[WhiteElo "1554"]
[BlackElo "1446"]
[TimeControl "2700+45"]

1. e4 c6 2. c4 d5 3. exd5 cxd5 4. cxd5 Qxd5 5. Nc3 Qd8 6. d4 Nf6 7. Nf3 g6 8.
Bb5+ Nbd7 9. O-O Bg7 10. Re1 O-O 11. b3 Nb6 12. Ba3 Nfd5 13. Nxd5 Nxd5 14. Rc1
Bf6 15. Ne5 Qa5 16. Ba4 b5 17. Rc5 Qd8 18. Bxb5 Bb7 19. Ng4 Bg7 20. Rc4 Qa5 21.
Ba4 Ba6 22. Rc5 Qd8 23. Bc6 Nc3 24. Rxc3 Bxd4 25. Bxa8 Bxc3 26. Bxe7 Qxd1 27.
Rxd1 Re8 28. Nf6+ Kg7 29. Nxe8+ {Black resigns} 1-0

[Event "Team 45 45 League T27"]
[Site "Internet Chess Club"]
[Date "2005.07.17"]
[Round "5"]
[White "bmw2002"]
[Black "GhostMate"]
[Result "1-0"]
[WhiteElo "1597"]
[BlackElo "1672"]
[TimeControl "2700+45"]

1. c4 Nf6 2. g3 e5 3. Bg2 Bc5 4. Nc3 c6 5. e3 O-O 6. Nge2 d5 7. cxd5 cxd5 8. Qb3
e4 9. O-O Nc6 10. Nf4 b6 11. Ncxd5 Na5 12. Nxf6+ gxf6 13. Qc3 f5 14. b4 Ba6 15.
Bb2 f6 16. Rfd1 Rc8 17. bxa5 Bd6 18. Qd4 Rc4 19. Qd5+ Kh8 20. Ne6 Qb8 21. Nxf8
Qxf8 22. Qxf5 {Black resigns} 1-0

[Event "Team 45 45 League T27"]
[Site "Internet Chess Club"]
[Date "2005.07.17"]
[Round "5"]
[White "GoIrish"]
[Black "chicopee-ed"]
[Result "1-0"]
[WhiteElo "1564"]
[BlackElo "1546"]
[TimeControl "2700+45"]

1. Nf3 Nf6 2. g3 g6 3. Bg2 Bg7 4. O-O O-O 5. d3 d5 6. Nbd2 d4 7. Nb3 Nc6 8. c3
e5 9. cxd4 Nxd4 10. Nxe5 Nxb3 11. Qxb3 c6 12. Nf3 Nd7 13. Bg5 Qe8 14. d4 Nb6 15.
Rfe1 Be6 16. Qc2 Qd7 17. Rad1 h6 18. Bc1 Nd5 19. a3 Qc7 20. e4 Ne7 21. Bf4 Qd7
22. Qd2 f5 23. Bxh6 fxe4 24. Bxg7 Rxf3 25. Bxf3 Kxg7 26. Bxe4 Bf5 27. Bxf5 Nxf5
28. Qg5 Rh8 29. g4 Qd6 30. f4 Rh5 31. gxh5 {Black resigns} 1-0

[Event "Team 45 45 League T27"]
[Site "Internet Chess Club"]
[Date "2005.07.16"]
[Round "5"]
[White "Mikey29a"]
[Black "gartman"]
[Result "1-0"]
[WhiteElo "1672"]
[BlackElo "1622"]
[TimeControl "2700+45"]

1. e4 c5 2. Nf3 d6 3. d4 cxd4 4. Nxd4 Nf6 5. Nc3 a6 6. Be3 e5 7. Nb3 Be6 8. f3
Nbd7 9. g4 Nc5 10. Nxc5 dxc5 11. Qd2 Qxd2+ 12. Bxd2 O-O-O 13. O-O-O h5 14. g5
Nd7 15. h4 Nb6 16. Bh3 Bxh3 17. Rxh3 f6 18. Rg3 Nc4 19. Nd5 fxg5 20. Rxg5 Re8
21. b3 Nd6 22. Bc3 Nf7 23. Rf5 Nd6 24. Rxe5 Rxe5 25. Bxe5 Nb5 26. c4 Nd4 27.
Bxd4 cxd4 28. Rxd4 Ba3+ 29. Kc2 Rf8 30. Rd3 Bc5 31. f4 Bf2 32. Ne7+ Kc7 33. Ng6
Re8 34. e5 b5 35. cxb5 axb5 36. a4 bxa4 37. bxa4 Rb8 38. e6 Rb4 39. e7 Re4 40.
Ne5 {Black resigns} 1-0

[Event "Team 45 45 League T27"]
[Site "Internet Chess Club"]
[Date "2005.07.16"]
[Round "5"]
[White "PostMike"]
[Black "ebattousai"]
[Result "1/2-1/2"]
[WhiteElo "1497"]
[BlackElo "1539"]
[TimeControl "2700+45"]

1. e4 c6 2. d4 d5 3. Nc3 dxe4 4. Nxe4 Nd7 5. Nf3 Ngf6 6. Bd3 Nxe4 7. Bxe4 Nf6 8.
Bd3 Bg4 9. c3 e6 10. Bg5 h6 11. Bh4 Bd6 12. O-O O-O 13. Re1 a5 14. Bc2 b5 15.
Qd3 Bf5 16. Qd2 Bxc2 17. Qxc2 c5 18. Rad1 Qc7 19. Bxf6 gxf6 20. dxc5 Bxc5 21.
Rd2 Rad8 22. Red1 Rxd2 23. Rxd2 Qf4 24. Qd3 b4 25. c4 Be7 26. Qd4 Qf5 27. Qd3
Qg4 28. h3 Qf4 29. Qd4 Qf5 30. Qd3 Qf4 31. Qe3 Qxc4 32. Qxh6 Qc1+ 33. Kh2 Bd6+
34. g3 Be7 35. Qf4 Rc8 36. Qe4 f5 37. Qe2 Bf6 38. b3 Qc6 39. Ne5 Qb7 40. Nc4 Rc5
41. Rd6 Qc7 {Game drawn by mutual agreement} 1/2-1/2

[Event "Team 45 45 League T27"]
[Site "Internet Chess Club"]
[Date "2005.07.17"]
[Round "5"]
[White "chesskix"]
[Black "boozehound"]
[Result "0-1"]
[WhiteElo "1473"]
[BlackElo "1569"]
[TimeControl "2700+45"]

1. c4 d5 2. cxd5 Qxd5 3. Nc3 Qa5 4. d3 Nf6 5. Bd2 c6 6. Nf3 Bg4 7. e4 e5 8. Nd5
Qd8 9. Ne3 Bh5 10. Bc3 Nbd7 11. Be2 Bxf3 12. Bxf3 Qc7 13. O-O O-O-O 14. b4 Nb6
15. a3 h5 16. Qc2 Ng4 17. Nxg4 hxg4 18. Bxg4+ Kb8 19. Rfd1 Qe7 20. h3 Qg5 21.
Bd2 Qe7 22. Be3 Nd7 23. Qa4 Nb6 24. Qb3 g6 25. Rac1 Bh6 26. Bc5 Qg5 27. Rc2 f5
28. Be3 Qf6 29. Bf3 Bxe3 30. fxe3 Qg5 31. Kf2 f4 32. exf4 exf4 33. Rg1 Nd7 34.
d4 Nf6 35. Qb2 Qg3+ 36. Ke2 Rxh3 37. gxh3 Qxg1 38. Bg4 Nxg4 39. hxg4 Qxg4+ 40.
Kf1 Rh8 41. Rg2 Qh3 42. e5 f3 43. e6 fxg2+ 44. Qxg2 Qxg2+ 45. Kxg2 Kc7 46. Kg3
Kd6 47. Kg4 Rh5 48. b5 Kxe6 49. bxc6 bxc6 50. a4 Kd5 51. a5 Kxd4 52. a6 c5 53.
Kf3 c4 54. Ke2 Rh3 55. Kd2 Rh2+ 56. Kc1 Kc3 57. Kd1 Ra2 58. Ke1 Kd3 59. Kf1 Ke3
60. Kg1 Kf3 61. Kh1 Kg3 {White resigns} 0-1